AoeStats
← JOLIAT

Arabia

509936653Analyzed
1v1 RM · 3d ago on Sep 28, 2026· 42m 32s· 2 players
Game mode
Random Map
Map size
Tiny (2 player)
Population
200
Speed
Normal
Resources
Standard
Victory
Conquest
Starting age
Dark Age
Ending age
Imperial Age
RankedLock teamsTeams togetherTeam positionsShared explorationLock speedFull tech treeHidden civsTurbo modeCheats
Victory
Defeat
🇨🇴 Aztecs · Colombia
2043
+17
🇦🇷 Magyars · Argentina
2065
-17
JOLIAT
5:57 Loom
8:49 Feudal Age
8:49 Man-at-Arms
9:29 Double-Bit Axe
12:51 Town Watch
12:48 Horse Collar
20:29 Castle Age
20:02 Scale Mail Armor
19:54 Gold Mining
20:32 Eagle Warrior
22:07 Squires
22:31 Bow Saw
27:02 Wheelbarrow
28:57 Chain Mail Armor
29:07 Forging
30:48 Iron Casting
31:29 Pikeman
33:09 Hand Cart
34:03 Fletching
38:55 Imperial Age
37:44 Gold Shaft Mining
37:29 Crossbowman
39:13 Elite Eagle Warrior
40:27 Plate Mail Armor
40:08 Arbalester
40:23 Capped Ram
41:39 Garland Wars
43:43 Blast Furnace
qwertyoN.-
6:32 Loom
9:09 Feudal Age
13:50 Double-Bit Axe
19:14 Gold Mining
21:27 Castle Age
19:38 Fletching
19:44 Horse Collar
20:55 Padded Archer Armor
22:05 Bodkin Arrow
23:04 Bow Saw
22:42 Town Watch
25:30 Wheelbarrow
25:13 Husbandry
25:49 Bloodlines
26:53 Ballistics
27:34 Scale Barding Armor
31:03 Chain Barding Armor
40:00 Imperial Age
38:56 Hand Cart
39:39 Thumb Ring
39:41 Heavy Plow
40:23 Gold Shaft Mining
41:46 Chemistry
40:48 Bracer
42:12 Plate Barding Armor
Connection lost

Rejoining the realm…

Still unreachable

The connection could not be restored.

Session expired

The server has moved on; the page needs a fresh start.